[Event "Djerba Festival Blitz 2025"]
[Site "Djerba"]
[Date "2025.02.21"]
[Round "5.1"]
[White "Oro, Faustino"]
[Black "Maghsoodloo, Parham"]
[Result "1-0"]
[ECO "D31"]
[WhiteElo "2447"]
[BlackElo "2680"]
[PlyCount "97"]
[EventDate "2025.02.15"]
[EventType "swiss"]
[EventCountry "TUN"]
[TimeControl "180+3"]

1. d4 d5 2. c4 e6 3. Nc3 Bb4 4. cxd5 exd5 5. Bf4 c6 6. e3 Ne7 7. h4 h6 8. Nge2 Na6 9. h5 Nc7 10. Ng3 a5 11. Bd3 O-O 12. O-O Ne8 13. Qc2 Bd6 14. Nce2 Nf6 15. f3 Bxf4 16. Nxf4 Re8 17. Rae1 b6 18. Qc3 Qd6 19. Nge2 Bf5 20. g4 Bxd3 21. Qxd3 c5 22. Kg2 Nc6 23. a3 Rac8 24. Qd2 cxd4 25. exd4 b5 26. Ng3 b4 27. Nf5 Qd7 28. Nd3 Qa7 29. Qf4 Qb8 30. Nxh6+ Kf8 31. Nf5 Qxf4 32. Nxf4 Ne7 33. Nxe7 Rxe7 34. Rxe7 Kxe7 35. g5 Nh7 36. Re1+ Kd6 37. Re5 Rc2+ 38. Kg3 Rxb2 39. Rxd5+ Kc6 40. Rxa5 bxa3 41. g6 fxg6 42. hxg6 Nf6 43. Rxa3 Rb7 44. Re3 Rd7 45. Re6+ Kb5 46. Rxf6 gxf6 47. Nh5 Rd5 48. f4 Rd8 49. Nxf6 1-0

[Event "Djerba Festival Blitz 2025"]
[Site "Djerba"]
[Date "2025.02.21"]
[Round "5.2"]
[White "Willems, Niels"]
[Black "Dardha, Daniel"]
[Result "0-1"]
[ECO "A22"]
[WhiteElo "2414"]
[BlackElo "2652"]
[PlyCount "68"]
[EventDate "2025.02.15"]
[EventType "swiss"]
[EventCountry "TUN"]
[TimeControl "180+3"]

1. c4 e5 2. Nc3 Nf6 3. Nf3 e4 4. Ng5 c6 5. Ngxe4 Nxe4 6. Nxe4 d5 7. cxd5 cxd5 8. Ng3 h5 9. e3 Nc6 10. d4 h4 11. Ne2 Bd6 12. Nc3 h3 13. gxh3 Bf5 14. a3 Qd7 15. Bg2 O-O-O 16. Bd2 Kb8 17. Bxd5 Rxh3 18. Qa4 Rc8 19. Bg2 Rh4 20. Rc1 a6 21. Nd5 Qd8 22. b4 Qg5 23. Bf3 Bg4 24. Bxg4 Rxg4 25. Nc3 Nxd4 26. exd4 Qf5 27. Be3 Qf3 28. Rf1 Bf4 29. Ne2 Rxc1+ 30. Bxc1 Bxc1 31. Nxc1 Qc3+ 32. Kd1 Rxd4+ 33. Ke2 Rd2+ 34. Ke1 Qxc1+ 0-1

[Event "Djerba Festival Blitz 2025"]
[Site "Djerba"]
[Date "2025.02.21"]
[Round "5.3"]
[White "Maurizzi, Marc`Andria"]
[Black "Stopa, Jacek"]
[Result "1-0"]
[ECO "C02"]
[WhiteElo "2581"]
[BlackElo "2310"]
[PlyCount "65"]
[EventDate "2025.02.15"]
[EventType "swiss"]
[EventCountry "TUN"]
[TimeControl "180+3"]

1. e4 e6 2. d4 d5 3. e5 c5 4. c3 Bd7 5. Nf3 Qb6 6. Be2 Bb5 7. dxc5 Bxc5 8. b4 Bxf2+ 9. Kf1 Bc6 10. a4 a6 11. a5 Qa7 12. Na3 Be3 13. b5 axb5 14. Nxb5 Bxb5 15. Bxb5+ Nc6 16. Bxe3 Qxe3 17. a6 Nge7 18. axb7 Rb8 19. Nd4 O-O 20. Nxc6 Rxb7 21. Nxe7+ Rxe7 22. Qd4 Qg5 23. h4 Qf5+ 24. Kg1 f6 25. exf6 Rxf6 26. Bd3 Qh5 27. Ra8+ Re8 28. Rxe8+ Qxe8 29. Rh3 Qf7 30. Rg3 Qe7 31. Qe5 Qc5+ 32. Kh2 Qe7 33. h5 1-0

[Event "Djerba Festival Blitz 2025"]
[Site "Djerba"]
[Date "2025.02.21"]
[Round "5.4"]
[White "Edouard, Romain"]
[Black "Moussard, Jules"]
[Result "0-1"]
[ECO "B52"]
[WhiteElo "2544"]
[BlackElo "2595"]
[PlyCount "109"]
[EventDate "2025.02.15"]
[EventType "swiss"]
[EventCountry "TUN"]
[TimeControl "180+3"]

1. e4 c5 2. Nf3 d6 3. Bb5+ Bd7 4. Bxd7+ Qxd7 5. c4 Nc6 6. Nc3 Nf6 7. d4 cxd4 8. Nxd4 g6 9. f3 Bg7 10. Be3 O-O 11. O-O Rfc8 12. b3 a6 13. Nxc6 Qxc6 14. Rc1 h5 15. Qd2 e6 16. Rfd1 Rd8 17. a4 Rac8 18. Bd4 Ne8 19. Bxg7 Kxg7 20. Qd4+ Kg8 21. Rd2 Qc5 22. Qxc5 Rxc5 23. Kf2 Kf8 24. Ne2 g5 25. h4 Ke7 26. hxg5 Rxg5 27. Nf4 Nf6 28. Rcd1 b5 29. axb5 axb5 30. Ra1 bxc4 31. bxc4 Rc5 32. Ra7+ Rd7 33. Rxd7+ Nxd7 34. Rc2 h4 35. Nd3 Ra5 36. Rb2 Ra3 37. Ke2 Rc3 38. Rb4 Rc2+ 39. Kf1 Rd2 40. Rb3 Kf6 41. c5 dxc5 42. Rc3 c4 43. Nf2 Nb6 44. Ra3 Ke5 45. Ra6 Rb2 46. Nd1 Rb1 47. Ke2 Kf4 48. Ra7 f5 49. exf5 exf5 50. Rc7 Ra1 51. Rc6 Rb1 52. Nc3 Rb2+ 53. Kf1 Ke5 54. Nd5 Nxd5 55. Rc8 0-1

[Event "Djerba Festival Blitz 2025"]
[Site "Djerba"]
[Date "2025.02.21"]
[Round "5.5"]
[White "Thorfinnsson, Bjorn"]
[Black "Pichon, Ewen"]
[Result "0-1"]
[ECO "D02"]
[WhiteElo "2377"]
[BlackElo "2351"]
[PlyCount "34"]
[EventDate "2025.02.15"]
[EventType "swiss"]
[EventCountry "TUN"]
[TimeControl "180+3"]

1. d4 d5 2. Nf3 Nf6 3. c3 c5 4. dxc5 e6 5. Be3 a5 6. h3 Na6 7. Ne5 Bd7 8. Qb3 Qc7 9. Nxd7 Nxd7 10. Qb5 Bxc5 11. Bxc5 Naxc5 12. Nd2 Ra6 13. e4 dxe4 14. O-O-O O-O 15. Nc4 a4 16. g3 Rc6 17. Qxa4 Nxa4 0-1

[Event "Djerba Festival Blitz 2025"]
[Site "Djerba"]
[Date "2025.02.21"]
[Round "5.6"]
[White "Amrane, Abdellah"]
[Black "Kobalia, Mikhail"]
[Result "0-1"]
[ECO "B46"]
[WhiteElo "2021"]
[BlackElo "2538"]
[PlyCount "88"]
[EventDate "2025.02.15"]
[EventType "swiss"]
[EventCountry "TUN"]
[TimeControl "180+3"]

1. e4 c5 2. Nf3 e6 3. d4 cxd4 4. Nxd4 Nc6 5. Nc3 a6 6. a3 d6 7. Be2 Bd7 8. Be3 Nf6 9. O-O Be7 10. Nb3 Na5 11. Nxa5 Qxa5 12. f4 O-O 13. Qe1 Qc7 14. Bf3 Bc6 15. g4 d5 16. e5 Nd7 17. Qf2 Rac8 18. Ne2 Bb5 19. c3 Bc5 20. Rfd1 Bxe2 21. Bxe2 Bxe3 22. Qxe3 g5 23. f5 h6 24. fxe6 fxe6 25. Re1 Qxe5 26. Qxe5 Nxe5 27. Bd1 Nc4 28. Re3 e5 29. Rxe5 Nxb2 30. Re6 Nc4 31. Bb3 Rc7 32. Rxh6 Rcf7 33. Rg6+ Rg7 34. Rxg7+ Kxg7 35. Bxc4 dxc4 36. Rd1 Rf3 37. Rd7+ Kf6 38. Rxb7 Rxc3 39. Rb6+ Ke5 40. Rxa6 Rc2 41. h3 c3 42. Ra4 Rd2 43. Ra5+ Kd4 44. Rxg5 c2 0-1

[Event "Djerba Festival Blitz 2025"]
[Site "Djerba"]
[Date "2025.02.21"]
[Round "5.8"]
[White "Doucet, Pierre-Alois"]
[Black "Viers, Emmanuel"]
[Result "1-0"]
[ECO "B30"]
[WhiteElo "2027"]
[BlackElo "2072"]
[PlyCount "39"]
[EventDate "2025.02.15"]
[EventType "swiss"]
[EventCountry "TUN"]
[TimeControl "180+3"]

1. e4 c5 2. Nf3 Nc6 3. Bb5 e5 4. O-O Nge7 5. c3 g6 6. d4 cxd4 7. cxd4 exd4 8. Nxd4 Bg7 9. Nxc6 bxc6 10. Bc4 d5 11. exd5 cxd5 12. Bb5+ Bd7 13. Bxd7+ Qxd7 14. Nc3 d4 15. Ne2 Rb8 16. Bg5 O-O 17. Qd2 Nf5 18. Rad1 Qb5 19. b3 Rfe8 20. Ng3 1-0

[Event "Djerba Festival Blitz 2025"]
[Site "Djerba"]
[Date "2025.02.21"]
[Round "5.9"]
[White "Boudriga, Mohamed Ali"]
[Black "MEZGOURI NOUREDDINE"]
[Result "1-0"]
[ECO "B01"]
[WhiteElo "2323"]
[BlackElo "1891"]
[PlyCount "67"]
[EventDate "2025.02.15"]
[EventType "swiss"]
[EventCountry "TUN"]
[TimeControl "180+3"]

1. e4 d5 2. exd5 Nf6 3. d4 Nxd5 4. Nf3 Bf5 5. a3 e6 6. Be2 Be7 7. O-O O-O 8. c4 Nb6 9. Be3 Bf6 10. Nc3 a6 11. h3 N8d7 12. b4 e5 13. d5 Nc8 14. c5 Bg6 15. Qb3 Ne7 16. g4 e4 17. Nd4 Bxd4 18. Bxd4 Kh8 19. f4 exf3 20. Bxf3 f5 21. Rae1 fxg4 22. hxg4 Ng8 23. Kg2 Qg5 24. Be3 Qf6 25. Ne4 Qd8 26. Bd4 Ngf6 27. Ng3 Re8 28. Re6 Bf7 29. Nf5 Bxe6 30. dxe6 Nb8 31. Rd1 Qc8 32. g5 Qxe6 33. Qxe6 Rxe6 34. gxf6 1-0

[Event "Djerba Festival Blitz 2025"]
[Site "Djerba"]
[Date "2025.02.21"]
[Round "5.10"]
[White "Bouzidi, Ahmed"]
[Black "Msalmi, Hamed"]
[Result "1-0"]
[ECO "B22"]
[WhiteElo "2168"]
[BlackElo "1747"]
[PlyCount "61"]
[EventDate "2025.02.15"]
[EventType "swiss"]
[EventCountry "TUN"]
[TimeControl "180+3"]

1. e4 c5 2. c3 d6 3. d4 cxd4 4. cxd4 Nf6 5. Nc3 g6 6. Nf3 Bg7 7. h3 O-O 8. Be2 Nc6 9. O-O a6 10. Be3 e6 11. Qd2 Re8 12. Bh6 Qb6 13. Bxg7 Kxg7 14. e5 dxe5 15. dxe5 Ng8 16. Rab1 Rd8 17. Qf4 Nce7 18. Ng5 Rf8 19. Nce4 h6 20. Nf3 Nd5 21. Qh4 Bd7 22. Bc4 Bc6 23. Nd6 Rad8 24. Bb3 a5 25. Rbd1 Nde7 26. Nd4 Bd5 27. Bxd5 Nxd5 28. Qg4 Qxb2 29. Nxf7 Rd7 30. Nxe6+ Kh7 31. Nxf8+ 1-0

[Event "Djerba Festival Blitz 2025"]
[Site "Djerba"]
[Date "2025.02.21"]
[Round "5.11"]
[White "Boulrens, Ala Eddine"]
[Black "Dejardin, Gregoire"]
[Result "1-0"]
[ECO "B14"]
[WhiteElo "2121"]
[BlackElo "1932"]
[PlyCount "77"]
[EventDate "2025.02.15"]
[EventType "swiss"]
[EventCountry "TUN"]
[TimeControl "180+3"]

1. e4 c6 2. d4 d5 3. exd5 cxd5 4. c4 e6 5. Nc3 Nf6 6. Nf3 Be7 7. Bf4 O-O 8. c5 Bd7 9. Bd3 b6 10. b4 a5 11. a3 axb4 12. axb4 Rxa1 13. Qxa1 bxc5 14. bxc5 Bc6 15. Ne5 Nfd7 16. Qb1 g6 17. Nf3 Qa5 18. Bd2 Qc7 19. O-O Bf6 20. Nb5 Bxb5 21. Qxb5 Nc6 22. Qa4 e5 23. Bb5 Ndb8 24. dxe5 Nxe5 25. Nxe5 Bxe5 26. h3 Rc8 27. Rc1 Nc6 28. Qg4 h5 29. Qa4 Nd4 30. Bf1 Ne6 31. c6 Bf4 32. Ba5 Qe7 33. Re1 Qc5 34. Bb5 Bc7 35. Bb4 Qd4 36. Rd1 Qe5 37. g3 Nd4 38. Bf1 Nf3+ 39. Kh1 1-0

[Event "Djerba Festival Blitz 2025"]
[Site "Djerba"]
[Date "2025.02.21"]
[Round "5.12"]
[White "Zouaghi, Ahmed"]
[Black "Papaux, Steve"]
[Result "1/2-1/2"]
[ECO "C45"]
[WhiteElo "1919"]
[BlackElo "2204"]
[PlyCount "102"]
[EventDate "2025.02.15"]
[EventType "swiss"]
[EventCountry "TUN"]
[TimeControl "180+3"]

1. e4 e5 2. Nf3 Nc6 3. d4 exd4 4. Nxd4 Bc5 5. Nb3 Bb6 6. Nc3 Nf6 7. Qe2 O-O 8. Bg5 h6 9. Bh4 d5 10. O-O-O d4 11. Nd5 g5 12. Nxf6+ Qxf6 13. Bg3 a5 14. a4 Be6 15. h4 g4 16. f3 Nb4 17. Qb5 Bxb3 18. cxb3 gxf3 19. gxf3 Qxf3 20. Be2 Qxb3 21. Qc4 Qxc4+ 22. Bxc4 Kh7 23. Rhf1 f6 24. Be6 Nc6 25. Bf5+ Kh8 26. Bf4 Ne5 27. Bxh6 Rg8 28. Rg1 d3 29. Rxg8+ Rxg8 30. Bf4 Rd8 31. Kd2 Nc4+ 32. Kc3 Ne5 33. Bxe5 fxe5 34. Rxd3 Bd4+ 35. Kc2 Rd6 36. h5 Rb6 37. b3 Rc6+ 38. Kd2 Kg7 39. Rg3+ Kh6 40. Rg6+ Kxh5 41. Rxc6 bxc6 42. Bd7 c5 43. Kd3 Kh4 44. Bc6 Kg3 45. Bd5 Kf3 46. Kc4 Ke3 47. Kb5 Bc3 48. Kc6 Kd4 49. Kxc7 Bb4 50. Kc6 Bc3 51. Kb5 Bb4 1/2-1/2

[Event "Djerba Festival Blitz 2025"]
[Site "Djerba"]
[Date "2025.02.21"]
[Round "5.14"]
[White "Chelly, Yahya"]
[Black "Nassr, Lina"]
[Result "1-0"]
[ECO "D60"]
[WhiteElo "2106"]
[BlackElo "1934"]
[PlyCount "115"]
[EventDate "2025.02.15"]
[EventType "swiss"]
[EventCountry "TUN"]
[TimeControl "180+3"]

1. d4 d5 2. c4 e6 3. Nc3 Nf6 4. Nf3 Be7 5. Bg5 O-O 6. e3 Nbd7 7. Bd3 dxc4 8. Bxc4 h6 9. Bh4 a6 10. O-O b5 11. Bd3 Bb7 12. a3 c5 13. Qe2 Qb6 14. Rad1 Rfd8 15. Bb1 cxd4 16. exd4 Nf8 17. Ne4 Bxe4 18. Bxe4 Rac8 19. Bb1 Qc6 20. Ne5 Qd5 21. Qd3 Qd6 22. Bg3 Qb6 23. Kh1 N6d7 24. f4 Nf6 25. f5 exf5 26. Qxf5 Qe6 27. Qd3 Qd5 28. b4 Qe6 29. Qe3 Nd5 30. Qd3 Bf6 31. Rxf6 Nxf6 32. Qe3 Nd5 33. Qf2 Nc3 34. Re1 Nxb1 35. Rxb1 Qd5 36. Rf1 f6 37. Nf3 Qb3 38. h3 Rc2 39. Qe1 Qb2 40. Rg1 Re2 41. Qd1 Qc2 42. Qa1 Rde8 43. Nh4 Qb2 44. Qf1 Rc8 45. Qf5 Rcc2 46. Qd5+ Kh8 47. Qf7 Rc8 48. d5 Rd2 49. d6 Rd8 50. Nf5 Rd7 51. Qxf8+ Kh7 52. Qe8 Qc2 53. Qxd7 Rd1 54. Ne3 Rxg1+ 55. Kxg1 Qc1+ 56. Kf2 Qd2+ 57. Kf3 Qb2 58. Qf5+ 1-0

[Event "Djerba Festival Blitz 2025"]
[Site "Djerba"]
[Date "2025.02.21"]
[Round "5.15"]
[White "Minde, Baptiste"]
[Black "Kaabi, Iheb"]
[Result "1-0"]
[ECO "D02"]
[WhiteElo "1896"]
[BlackElo "1810"]
[PlyCount "59"]
[EventDate "2025.02.15"]
[EventType "swiss"]
[EventCountry "TUN"]
[TimeControl "180+3"]

1. d4 d5 2. Bf4 Nf6 3. e3 e6 4. Nf3 Bd6 5. Bg3 c5 6. c3 Nc6 7. Nbd2 O-O 8. Bd3 Re8 9. Ne5 cxd4 10. exd4 h6 11. O-O Qc7 12. f4 a6 13. Bh4 Be7 14. Qf3 b5 15. g4 Nh7 16. Bxe7 Nxe5 17. fxe5 Rxe7 18. h4 Bb7 19. g5 hxg5 20. hxg5 g6 21. Qg4 Kg7 22. Kg2 Rh8 23. Rh1 Qd8 24. Rh3 Ree8 25. Rah1 Nxg5 26. Rxh8 Rxh8 27. Rxh8 Kxh8 28. Qh4+ Kg7 29. Nf3 b4 30. Nxg5 1-0

[Event "Djerba Festival Blitz 2025"]
[Site "Djerba"]
[Date "2025.02.21"]
[Round "5.16"]
[White "Tahir, Abderrahmane"]
[Black "Mendili, Jahed"]
[Result "1-0"]
[ECO "A08"]
[WhiteElo "1891"]
[BlackElo "1771"]
[PlyCount "63"]
[EventDate "2025.02.15"]
[EventType "swiss"]
[EventCountry "TUN"]
[TimeControl "180+3"]

1. Nf3 d5 2. g3 c5 3. Bg2 Nc6 4. d3 e5 5. Nbd2 Nf6 6. e4 h6 7. O-O Be6 8. exd5 Nxd5 9. Re1 Bd6 10. Nc4 f6 11. a4 Bc7 12. Nfd2 O-O 13. Ne4 b6 14. Kh1 Qd7 15. Nc3 Rad8 16. Nxd5 Bxd5 17. Ne3 Bxg2+ 18. Kxg2 Nd4 19. c3 Qc6+ 20. f3 Ne6 21. Nf5 Rf7 22. Qe2 Kh8 23. Be3 Rfd7 24. d4 exd4 25. cxd4 cxd4 26. Rac1 Qxa4 27. Bxh6 d3 28. Qxe6 d2 29. Bxg7+ Rxg7 30. Qxf6 Rdd7 31. Re8+ Kh7 32. Qh6# 1-0

[Event "Djerba Festival Blitz 2025"]
[Site "Djerba"]
[Date "2025.02.21"]
[Round "5.17"]
[White "Filali, Razzouki Marouane"]
[Black "Saidi, Bouziane"]
[Result "1-0"]
[ECO "C51"]
[WhiteElo "2234"]
[BlackElo "1710"]
[PlyCount "77"]
[EventDate "2025.02.15"]
[EventType "swiss"]
[EventCountry "TUN"]
[TimeControl "180+3"]

1. e4 e5 2. Nf3 Nc6 3. Bc4 Bc5 4. b4 Bxb4 5. c3 Be7 6. d4 exd4 7. cxd4 Bb4+ 8. Nbd2 d6 9. h3 Nf6 10. d5 Ne5 11. Qa4+ Bd7 12. Qxb4 b6 13. Nxe5 dxe5 14. Ba3 c5 15. dxc6 Bxc6 16. O-O Qd7 17. Nf3 O-O-O 18. Nxe5 Qb7 19. Rac1 Kb8 20. Nxc6+ Qxc6 21. e5 Ne4 22. Bd3 Nc5 23. Be2 Qe4 24. Bf3 Qxb4 25. Bxb4 Nd3 26. Bd6+ Rxd6 27. exd6 Nxc1 28. Rxc1 Rd8 29. Rd1 Kc8 30. Bc6 f6 31. f4 a6 32. Kf2 b5 33. Ke3 Kb8 34. Ke4 g6 35. Kd5 Ka7 36. Kc5 h6 37. Re1 a5 38. Re7+ Kb8 39. Rb7+ 1-0

[Event "Djerba Festival Blitz 2025"]
[Site "Djerba"]
[Date "2025.02.21"]
[Round "5.18"]
[White "Kakavand, Ramtin"]
[Black "Badya, Vasily"]
[Result "1-0"]
[ECO "B07"]
[WhiteElo "2106"]
[BlackElo "1765"]
[PlyCount "68"]
[EventDate "2025.02.15"]
[EventType "swiss"]
[EventCountry "TUN"]
[TimeControl "180+3"]

1. e4 d6 2. d4 Nf6 3. Bd3 g6 4. c3 Bg7 5. Nf3 Bg4 6. Nbd2 Nc6 7. h3 Bxf3 8. Nxf3 e5 9. Bb5 O-O 10. Bxc6 bxc6 11. dxe5 dxe5 12. Qxd8 Raxd8 13. Bg5 Rde8 14. Bxf6 Bxf6 15. O-O-O Rd8 16. Rxd8 Rxd8 17. Rd1 Rxd1+ 18. Kxd1 h6 19. Nd2 Kf8 20. Nc4 Ke7 21. Kc2 Kd7 22. Kb3 Bg7 23. Kb4 Bf8+ 24. Ka5 Ke6 25. b4 c5 26. b5 f5 27. f3 fxe4 28. fxe4 Bd6 29. Ka6 Kd7 30. Kxa7 g5 31. g4 Kc8 32. Nxd6+ cxd6 33. b6 d5 34. b7+ Kd7 1-0

[Event "Djerba Festival Blitz 2025"]
[Site "Djerba"]
[Date "2025.02.21"]
[Round "5.21"]
[White "Zerarga, Imene"]
[Black "Amdouni, Zoubaier"]
[Result "0-1"]
[ECO "B35"]
[WhiteElo "1831"]
[BlackElo "2229"]
[PlyCount "56"]
[EventDate "2025.02.15"]
[EventType "swiss"]
[EventCountry "TUN"]
[TimeControl "180+3"]

1. e4 c5 2. Nf3 Nc6 3. d4 cxd4 4. Nxd4 g6 5. Nc3 Bg7 6. Be3 Nf6 7. f3 O-O 8. Bc4 Qb6 9. Bb3 Nxe4 10. Nxe4 Bxd4 11. Bxd4 Nxd4 12. Qd2 Nxb3 13. axb3 d5 14. Nc3 d4 15. Ne4 Bf5 16. O-O d3+ 17. Kh1 dxc2 18. Qxc2 Rac8 19. Qd1 a6 20. Nc3 Rfd8 21. Qe1 Be6 22. Ra3 Rd7 23. Qe4 Rcd8 24. Re1 Bxb3 25. Na4 Bxa4 26. Rxa4 Qxb2 27. Rb4 Qf2 28. Rxb7 Rxb7 0-1

[Event "Djerba Festival Blitz 2025"]
[Site "Djerba"]
[Date "2025.02.21"]
[Round "5.22"]
[White "Maisuradze, Nino"]
[Black "Farouz, Paul"]
[Result "1-0"]
[ECO "D31"]
[WhiteElo "2174"]
[BlackElo "1680"]
[PlyCount "97"]
[EventDate "2025.02.15"]
[EventType "swiss"]
[EventCountry "TUN"]
[TimeControl "180+3"]

1. d4 d5 2. c4 e6 3. Nc3 a6 4. cxd5 exd5 5. Qc2 Nf6 6. Bg5 c6 7. e3 Be7 8. Bd3 h6 9. Bh4 Be6 10. Nge2 Qb6 11. O-O Nbd7 12. Kh1 Qc7 13. Bg3 Bd6 14. Bxd6 Qxd6 15. f3 O-O-O 16. e4 dxe4 17. fxe4 Bg4 18. e5 Nxe5 19. dxe5 Qxe5 20. Bf5+ Kb8 21. Rae1 Qc5 22. h3 h5 23. Ng3 g6 24. Be4 Nxe4 25. Ngxe4 Qe5 26. Qf2 Bf5 27. Ng3 Qc7 28. Nxf5 gxf5 29. Qf4 Rd6 30. Rd1 Rhd8 31. Rxd6 Rxd6 32. Qxf5 Rd2 33. b3 Ka7 34. Qc5+ b6 35. Qc4 Qg3 36. Rxf7+ Kb8 37. Rf8+ Kc7 38. Qf7+ Rd7 39. Qf4+ Qxf4 40. Rxf4 Rd2 41. g4 hxg4 42. Rxg4 Rc2 43. Rg3 b5 44. a4 b4 45. Ne4 c5 46. h4 c4 47. bxc4 Rxc4 48. Re3 b3 49. Rc3 1-0

[Event "Djerba Festival Blitz 2025"]
[Site "Djerba"]
[Date "2025.02.21"]
[Round "5.23"]
[White "Chargui, Saleh"]
[Black "Rene, Benoit"]
[Result "0-1"]
[ECO "A42"]
[WhiteElo "1709"]
[BlackElo "2108"]
[PlyCount "58"]
[EventDate "2025.02.15"]
[EventType "swiss"]
[EventCountry "TUN"]
[TimeControl "180+3"]

1. d4 g6 2. c4 Bg7 3. Nc3 d6 4. e4 Nc6 5. d5 Nd4 6. Be3 c5 7. h3 e5 8. Bd3 Nf6 9. Nge2 O-O 10. Qd2 a6 11. O-O Rb8 12. f4 Nd7 13. a4 Nb3 14. Qc2 Nxa1 15. Rxa1 exf4 16. Bxf4 Ne5 17. Rd1 Bd7 18. b3 Qe7 19. Qd2 f5 20. exf5 Nxd3 21. Qxd3 Bxf5 22. Qg3 Rbd8 23. Re1 Rfe8 24. Bg5 Bf6 25. Bxf6 Qxf6 26. Rf1 Qe5 27. Qg5 Bd3 28. Qd2 Bxe2 29. Nxe2 Qxe2 0-1

[Event "Djerba Festival Blitz 2025"]
[Site "Djerba"]
[Date "2025.02.21"]
[Round "5.25"]
[White "Kolodner, Garry"]
[Black "Ajbara Jamal"]
[Result "0-1"]
[ECO "D17"]
[WhiteElo "1697"]
[BlackElo "1898"]
[PlyCount "46"]
[EventDate "2025.02.15"]
[EventType "swiss"]
[EventCountry "TUN"]
[TimeControl "180+3"]

1. d4 d5 2. c4 c6 3. Nc3 Nf6 4. Nf3 dxc4 5. a4 Bf5 6. Bg5 e6 7. Bxf6 Qxf6 8. e4 Bg4 9. Bxc4 Bxf3 10. gxf3 Bb4 11. Qd3 Nd7 12. O-O-O O-O-O 13. Na2 Be7 14. Qe2 Nb6 15. Nc3 Rxd4 16. Rxd4 Qxd4 17. Bb3 Qc5 18. Kb1 Qb4 19. Bc2 Nc4 20. b3 Na3+ 21. Kb2 Bf6 22. e5 Bxe5 23. Qe3 Nc4+ 0-1

[Event "Djerba Festival Blitz 2025"]
[Site "Djerba"]
[Date "2025.02.21"]
[Round "5.26"]
[White "Guinet, Andy"]
[Black "Zenaidi, Sadok"]
[Result "0-1"]
[ECO "A01"]
[WhiteElo "1665"]
[BlackElo "1872"]
[PlyCount "51"]
[EventDate "2025.02.15"]
[EventType "swiss"]
[EventCountry "TUN"]
[TimeControl "180+3"]

1. b3 Nf6 2. Bb2 d6 3. e3 e5 4. c4 Be7 5. Nc3 c6 6. Nf3 Bg4 7. Be2 Nbd7 8. O-O O-O 9. h3 Bh5 10. d4 Qc7 11. Nd2 Bxe2 12. Nxe2 d5 13. cxd5 Nxd5 14. Nf3 e4 15. Ne5 f5 16. Rc1 Rad8 17. Qc2 Kh8 18. Nf4 Nxf4 19. exf4 Nb6 20. Rce1 Nd5 21. Nc4 Qxf4 22. Ne3 Bb4 23. Nxd5 Rxd5 24. Re3 Bd6 25. g3 Qh6 26. h4 0-1

[Event "Djerba Festival Blitz 2025"]
[Site "Djerba"]
[Date "2025.02.21"]
[Round "5.27"]
[White "Alouani, Ahmed"]
[Black "Azreug, Lazhar"]
[Result "0-1"]
[ECO "D79"]
[WhiteElo "1617"]
[BlackElo "1793"]
[PlyCount "110"]
[EventDate "2025.02.15"]
[EventType "swiss"]
[EventCountry "TUN"]
[TimeControl "180+3"]

1. Nf3 c5 2. g3 Nc6 3. Bg2 g6 4. O-O Bg7 5. c3 Nf6 6. d4 cxd4 7. cxd4 d5 8. Nc3 O-O 9. Re1 Ne4 10. Nd2 Bf5 11. Ndxe4 dxe4 12. d5 Nb4 13. Nxe4 Rc8 14. Nc3 Nc2 15. Bd2 Nxa1 16. e4 Bg4 17. f3 Bd7 18. Qxa1 Qb6+ 19. Kh1 a5 20. f4 a4 21. e5 a3 22. bxa3 Ra8 23. a4 Bxa4 24. Nxa4 Rxa4 25. Qb1 Qxb1 26. Rxb1 Rxa2 27. Be3 Rb8 28. h3 b5 29. Bf1 b4 30. Bc4 Ra3 31. Bg1 Bf8 32. Kh2 Rc8 33. Rc1 b3 34. d6 exd6 35. Bxf7+ Kxf7 36. Rxc8 dxe5 37. fxe5 Bg7 38. e6+ Kxe6 39. Rc6+ Kd7 40. Rb6 b2 41. Rb7+ Kc6 42. Rb8 Ra1 43. Be3 b1=Q 44. Rxb1 Rxb1 45. Kg2 Rb2+ 46. Kf1 Be5 47. g4 Kd5 48. Bh6 Ke4 49. Ke1 Kf3 50. Kd1 Rh2 51. h4 Rxh4 52. Bf8 Rxg4 53. Ba3 h5 54. Ke1 h4 55. Bc1 h3 0-1

[Event "Djerba Festival Blitz 2025"]
[Site "Djerba"]
[Date "2025.02.21"]
[Round "5.28"]
[White "Marceil, Jean"]
[Black "Benzarti, Thabet"]
[Result "1-0"]
[ECO "B15"]
[WhiteElo "1901"]
[BlackElo "1664"]
[PlyCount "47"]
[EventDate "2025.02.15"]
[EventType "swiss"]
[EventCountry "TUN"]
[TimeControl "180+3"]

1. d4 d5 2. e4 c6 3. Nc3 e6 4. Bd3 Nd7 5. Nf3 dxe4 6. Nxe4 Ngf6 7. Bg5 Be7 8. O-O O-O 9. Bxf6 Nxf6 10. Ng3 a6 11. a4 Re8 12. Re1 Rb8 13. c4 b5 14. cxb5 cxb5 15. axb5 axb5 16. Ne5 Qb6 17. Ne4 Nxe4 18. Bxe4 Bf6 19. Bxh7+ Kh8 20. Qh5 Bxe5 21. Rxe5 Bb7 22. Qxf7 Qc6 23. Be4 Qc8 24. Rh5# 1-0

[Event "Djerba Festival Blitz 2025"]
[Site "Djerba"]
[Date "2025.02.21"]
[Round "5.29"]
[White "El Gazzar, Ahmed"]
[Black "Alonso Garuti, Luis Eugenio"]
[Result "0-1"]
[ECO "B02"]
[WhiteElo "1667"]
[BlackElo "1845"]
[PlyCount "54"]
[EventDate "2025.02.15"]
[EventType "swiss"]
[EventCountry "TUN"]
[TimeControl "180+3"]

1. e4 d5 2. exd5 Nf6 3. Nc3 c6 4. dxc6 e5 5. Bc4 Bc5 6. Nge2 Nxc6 7. O-O O-O 8. a3 a5 9. d3 Bg4 10. h3 Bh5 11. Bg5 Nd4 12. Re1 h6 13. Bh4 g5 14. Bg3 Qd7 15. Bxe5 Qf5 16. Bxf6 Nf3+ 17. Kh1 Qxf6 18. Ne4 Qe5 19. gxf3 Bxf3+ 20. Kg1 Bxe4 21. dxe4 Rad8 22. Bd3 f5 23. Qc1 fxe4 24. Bc4+ Kh8 25. c3 Bxf2+ 26. Kh1 e3 27. Qc2 Qh2+ 0-1

[Event "Djerba Festival Blitz 2025"]
[Site "Djerba"]
[Date "2025.02.21"]
[Round "5.30"]
[White "El Kadi, Ismael"]
[Black "Ben Mbarek, Mohamed"]
[Result "1-0"]
[ECO "B22"]
[WhiteElo "1852"]
[BlackElo "1570"]
[PlyCount "71"]
[EventDate "2025.02.15"]
[EventType "swiss"]
[EventCountry "TUN"]
[TimeControl "180+3"]

1. e4 c5 2. c3 Nf6 3. e5 Nd5 4. d4 cxd4 5. cxd4 Nc6 6. Nf3 d6 7. Nc3 Nb6 8. exd6 Qxd6 9. a3 g6 10. Be2 Bg7 11. Be3 O-O 12. O-O e5 13. Nb5 Qd7 14. dxe5 Qxd1 15. Rfxd1 Nxe5 16. Nxe5 Bxe5 17. Bd4 Bxd4 18. Rxd4 Be6 19. Nc7 Rac8 20. Nxe6 fxe6 21. Bg4 Rc2 22. Bxe6+ Kh8 23. b4 Rfxf2 24. Bh3 Nc4 25. Rd7 Ne5 26. Rxb7 Nf3+ 27. gxf3 Rxh2 28. Re1 Rhe2 29. Rxe2 Rxe2 30. Kf1 Re8 31. Rxa7 Rc8 32. Kf2 Rc2+ 33. Kg3 Rc3 34. b5 Rc8 35. b6 Rb8 36. b7 1-0

[Event "Djerba Festival Blitz 2025"]
[Site "Djerba"]
[Date "2025.02.21"]
[Round "5.31"]
[White "Baduel Ghalimi, Maxence"]
[Black "Mendil, Yacine"]
[Result "1-0"]
[ECO "D45"]
[WhiteElo "1506"]
[BlackElo "1699"]
[PlyCount "63"]
[EventDate "2025.02.15"]
[EventType "swiss"]
[EventCountry "TUN"]
[TimeControl "180+3"]

1. d4 d5 2. c4 c6 3. Nf3 Nf6 4. Nc3 e6 5. e3 Be7 6. Be2 O-O 7. O-O Nbd7 8. h3 dxc4 9. Bxc4 Nd5 10. Nxd5 exd5 11. Bd3 Nf6 12. Qc2 h6 13. Re1 Be6 14. Nd2 Rc8 15. Qa4 a6 16. b3 Qd6 17. e4 dxe4 18. Nxe4 Nxe4 19. Rxe4 Bf6 20. Bb2 Bd5 21. Re2 Rfe8 22. Rae1 Rxe2 23. Rxe2 g6 24. Qa5 Bg7 25. Qd2 Kh7 26. Qe1 Rc7 27. Bc1 Bxd4 28. Qd2 Bg7 29. Qf4 Qxf4 30. Bxf4 Rd7 31. f3 f5 32. Bd2 1-0

[Event "Djerba Festival Blitz 2025"]
[Site "Djerba"]
[Date "2025.02.21"]
[Round "5.32"]
[White "Skhiri Youssef"]
[Black "Chavallard, Yanis"]
[Result "1-0"]
[ECO "A42"]
[WhiteElo "1808"]
[BlackElo "1605"]
[PlyCount "41"]
[EventDate "2025.02.15"]
[EventType "swiss"]
[EventCountry "TUN"]
[TimeControl "180+3"]

1. c4 g6 2. Nc3 Bg7 3. e4 c6 4. d4 d6 5. Nge2 Nd7 6. Ng3 Ngf6 7. Be2 e5 8. d5 c5 9. h4 h5 10. a3 a5 11. Nb5 b6 12. Nxd6+ Kf8 13. f4 exf4 14. Bxf4 Qc7 15. O-O Qd8 16. e5 Nh7 17. Nxf7 Kxf7 18. e6+ Ke7 19. d6+ Kxe6 20. Qd5+ Kf6 21. Be5# 1-0